 Dungeon Crawl Stone Soup version 0.32-a0-128-g77eb882913 (webtiles) character file.

Game seed: 1547928140919597930

4 cforsyth the Magician (level 1, -1/17 HPs)
             Began as a Djinni Hexslinger on Feb 8, 2024.
             Slain by a gnoll
             ... wielding a +0 club
              (3 damage)
             ... on level 1 of the Dungeon.
             The game lasted 00:00:54 (252 turns).

cforsyth the Magician (Djinni Hexslinger)            Turns: 252, Time: 00:00:55

Health: -1/17      AC:  2    Str:  7    XL:     1   Next: 77%
Gold:   21         EV: 12    Int: 14    God:
                   SH:  0    Dex: 15

rFire   + + .        a - +1 sling
rCold   x . .        (no shield)
rNeg    . . .        c - +0 robe
rPois   ∞            (no helmet)
rElec   .            (no cloak)
rCorr   .            (no gloves)
SInv    .            (boots unavailable)
Will    .....        (no amulet)
Stlth   +            (no ring)
HPRegen 0.22/turn    (no ring)
MPRegen 0.00/turn

%: infuse magic (-2 HP)
@: flying
A: sickness immunity, fire resistance 2, cold vulnerability 1, float, innate
caster, HP casting, extra vitality 1
a: no special abilities


You were on level 1 of the Dungeon.
You visited 1 branch of the dungeon, and saw 1 of its levels.

You collected 21 gold pieces.


Innate Abilities, Weirdness & Mutations

You are immune to sickness and miasma.
You are immune to poison.
Your flesh is very heat resistant. (rF++)
You are vulnerable to cold. (rC-)
You float through the air rather than walking.
You learn spells naturally, not from books.
Your magical power is your life essence.
You have superior vitality. (+4 MHP)


   Skills:
 + Level 1.3 Fighting
 - Level 1.5 Ranged Weapons
 - Level 2.1 Dodging
 + Level 2.8 Spellcasting
 + Level 2.8 Conjurations
 + Level 2.8 Hexes
 + Level 2.8 Summonings
 + Level 2.8 Necromancy
 + Level 2.8 Translocations
 + Level 2.8 Fire Magic
 + Level 2.8 Ice Magic
 + Level 2.8 Air Magic
 + Level 2.8 Earth Magic
 + Level 2.8 Alchemy


You knew the following spells:

 Your Spells              Type           Power      Damage    Failure   Level
c - Cause Fear            Hex            4%         N/A       56%         4
f - Inner Flame           Hex/Fire       9%         N/A       21%         3
X - Jinxbite              Hex            18%        N/A       11%         2
Y - Sigil of Binding      Hex            9%         N/A       21%         3
Z - Dimensional Bullseye  Hex/Tloc       4%         N/A       56%         4
Your spell library was empty.

Inventory:

Hand Weapons
 a - a +1 sling (weapon)
Armour
 c - a +0 robe (worn)
Scrolls
 b - a scroll of poison
 e - 2 scrolls of teleportation {unknown}
 f - a scroll of vulnerability {unknown}
Potions
 d - 2 potions of resistance {unknown}

Dungeon Overview and Level Annotations

Branches:
Dungeon (1/15)

Altars:

##.... ..... ....
..( #.. #..
#..###############
#>...g@..........##
##########........#
#........#
#........#
#........#
#.......##
#.......#
####...####
###....#


You could see a gnoll.


Message History

The sling bullet barely misses the gnoll.
The gnoll completely misses you. The gnoll closely misses you.
You shoot a sling bullet.
The sling bullet barely misses the gnoll.
The gnoll misses you. The endoplasm hits you.
* * * LOW HITPOINT WARNING * * *
You are too injured to fight recklessly!
A hobgoblin comes into view.
You shoot a sling bullet. The sling bullet hits the gnoll.
The gnoll is severely wounded.
The gnoll hits you but does no damage.
You shoot a sling bullet.
The sling bullet barely misses the gnoll.
The sling bullet hits the endoplasm.
You kill the endoplasm!
The gnoll closely misses you. The gnoll hits you with a +0 club!
* * * LOW HITPOINT WARNING * * *
You are too injured to fight recklessly!
You shoot a sling bullet.
The sling bullet barely misses the gnoll.
The sling bullet hits the hobgoblin.
You kill the hobgoblin!
The gnoll barely misses you.
You shoot a sling bullet.
The sling bullet closely misses the gnoll.
The gnoll hits you but does no damage.
You shoot a sling bullet.
The sling bullet closely misses the gnoll.
The gnoll hits you with a +0 club.
You die...

Action                     || total
---------------------------++-------
   Fire: Sling             ||    12
 Armour: Robe              ||     6
  Dodge: Dodged            ||     5

Levels and vault maps discovered:
D:1:      nagdon_arrival_double_spiral, layout_basic, minmay_ruptured

Notes
Turn   | Place    | Note
-------+----------+-------------------------------------------
     0 | D:1      | cforsyth the Djinni Hexslinger began the quest for the Orb.
     0 | D:1      | cforsyth set off with the following spells memorised:
                  | Jinxbite, Sigil of Binding, Inner Flame, Cause Fear,
                  | Dimensional Bullseye.
     0 | D:1      | Reached XP level 1. HP: 17/17 MP: 0/0
   249 | D:1      | HP: 1/17 [gnoll/+0 club (8)]
   252 | D:1      | Slain by a gnoll

Vanquished Creatures
  A bat (D:1)
  An endoplasm (D:1)
  A hobgoblin (D:1)
  A ball python (D:1)
4 creatures vanquished.

Table legend: (Time is in decaauts)
 A = Elapsed time spent in this place.
 B = Non-inter-level travel time spent in this place.
 C = Inter-level travel time spent in this place.
 D = Time resting spent in this place.
 E = Time spent auto-exploring this place.
 F = Levels seen in this place.
 G = Mean time per level.
                   A        B        C        D        E       F      G
               +--------+--------+--------+--------+--------+-----+--------+
         Total |    255 |    255 |      0 |      0 |    225 |   1 |  255.0 |
       Dungeon |    255 |    255 |      0 |      0 |    225 |   1 |  255.0 |
               +--------+--------+--------+--------+--------+-----+--------+

Top non-repeatable levels by time:
     D:1: 255 daAuts

Table legend:
 A = Non-vault XP
 B = Vault XP
 C = Vault XP percentage of total XP
 D = Non-vault monster count
 E = Vault monster count
 F = Vault count percentage of total count
                 A         B        C        D         E       F
            +---------+---------+-------+---------+---------+-------
      Total |       7 |       0 |   0.0 |       4 |       0 |   0.0
            +---------+---------+-------+---------+---------+-------
        D:1 |       7 |       0 |   0.0 |       4 |       0 |   0.0
            +---------+---------+-------+---------+---------+-------
